 Dungeon Crawl Stone Soup version 0.31.0-32-g396128a36d (webtiles) character file.

Game seed: 8727396496047197917

560 Ijustatesigmund the Conjurer (level 7, -3/46 HPs)
             Began as an Octopode Conjurer on Mar 21, 2024.
             Slain by a water moccasin (10 damage)
             ... on level 5 of the Dungeon.
             The game lasted 00:06:33 (4368 turns).

Ijustatesigmund the Conjurer (Octopode Conjurer)    Turns: 4368, Time: 00:06:34

Health: -3/46      AC:  1    Str:  6      XL:     7   Next: 31%
Magic:  12/12      EV: 13    Int: 22 (23) God:
Gold:   6          SH:  0    Dex: 10      Spells: 6/13 levels left

rFire   . . .        w - +5 Lochaber axe {reach-cleave, Poleaxe ^Drain}
rCold   . . .        (shield currently unavailable)
rNeg    . . .        (helmet restricted)
rPois   .            b - amulet of regeneration
rElec   .            (no ring)
rCorr   .            (no ring)
SInv    +            (no ring)
Will    .....        (no ring)
Stlth   +++          (no ring)
HPRegen 1.07/turn    (no ring)
MPRegen 0.13/turn    (no ring)
                     (no ring)

%: no passive effects
@: lethally poisoned (-3 -> -13)
A: almost no armour, amphibious, 8 rings, camouflage 1, gelatinous body 1,
(nimble swimmer 1), tentacles, see invisible, deterioration 1, devolution 1
a: no special abilities


You were on level 5 of the Dungeon.
You visited 1 branch of the dungeon, and saw 5 of its levels.

You collected 195 gold pieces.
You spent 189 gold pieces at shops.

Inventory:

Hand Weapons
 q - a +2 broad axe of flaming
 w - the +5 Lochaber axe (weapon) {reach-cleave, Poleaxe ^Drain}
   (You found it on level 5 of the Dungeon)

   Poleaxe:   It uses either Axes or Polearms skill, whichever is higher.
   ^Drain:    It drains your maximum health when unequipped.
Missiles
 l - a throwing net
Jewellery
 b - an amulet of regeneration (around mantle)
Wands
 p - a wand of flame (23)
 v - a wand of paralysis (9)
Scrolls
 c - 3 scrolls of identify {unknown}
 e - a scroll of fog {unknown}
 g - a scroll of teleportation {unknown}
 i - a scroll of enchant weapon {unknown}
 j - a scroll of noise {unknown}
 m - a scroll of immolation {unknown}
 o - a scroll of fear {unknown}
Potions
 a - a potion of magic
 d - a potion of ambrosia {unknown}
 f - 2 potions of might {unknown}
 h - a potion of brilliance {unknown}
 n - 2 potions of mutation
 r - a potion of curing {unknown}
 s - a potion of attraction {unknown}
 t - 3 potions of heal wounds {unknown}
 u - 2 potions of resistance {unknown}


   Skills:
 + Level 3.3 Fighting
 + Level 2.8 Axes
 - Level 2.0 Dodging
 - Level 2.6 Stealth
 + Level 3.7 Spellcasting
 + Level 5.4 Conjurations
 + Level 2.4 Translocations


You had 6 spell levels left.
You knew the following spells:

 Your Spells              Type           Power      Damage    Failure   Level
a - Magic Dart            Conj           100%       1d8       1%          1
b - Searing Ray           Conj           54%        2d6       1%          2
c - Iskenderun's Mystic   Conj/Tloc      21%        2d6       22%         4

Your spell library contained the following spells:

 Spells                   Type           Power      Damage    Failure   Level
 Fulminant Prism          Conj/Alch      8%         3d7       36%         4
 Anguish                  Hex/Necr       2%         N/A       75%         4
 Animate Dead             Necr           4%         N/A       75%         4
 Cause Fear               Hex            2%         N/A       75%         4
 Borgnjor's Vile Clutch   Necr/Erth      2%         N/A       97%         5
 Death Channel            Necr           2%         N/A       100%        6
 Enfeeble                 Hex            2%         N/A       100%        7


Dungeon Overview and Level Annotations

Branches:
Dungeon (5/15)             Temple (0/1) D:4

Altars:

Shops:
D:2 [   D:3 (


Innate Abilities, Weirdness & Mutations

You cannot wear most types of armour.
You are amphibious.
You can wear up to eight rings at the same time.
Your skin changes colour to match your surroundings (Stealth+).
Your rubbery body absorbs attacks. (AC +1, EV +1)
((You are camouflaged when in or above water. (Stealth+)))
You have tentacles for arms and can constrict up to eight enemies at once.
You have supernaturally acute eyesight. (SInv)
Your body sometimes deteriorates upon taking damage.
You have hidden genetic defects.


Message History

You kill the ogre!
Magic restored.
Found a stone staircase leading down.
There is a stone staircase leading down here.
There is a stone staircase leading down here.
A water moccasin comes into view.
The water moccasin hisses angrily.
A ribbon worm comes into view.
You closely miss the water moccasin. Your grab misses the water moccasin.
Your squeeze misses the water moccasin. The water moccasin bites you.
You are poisoned.
The water moccasin poisons you! The water moccasin bites you!
The water moccasin bites you.
You hit the water moccasin. You grab the water moccasin.
Your squeeze misses the water moccasin.
The water moccasin is lightly wounded.
You constrict the water moccasin.
You feel very sick. The water moccasin bites you.
You are more poisoned.
The water moccasin poisons you! The water moccasin barely misses you.
You slash the water moccasin!
You squeeze the water moccasin, but do no damage.
The water moccasin is heavily wounded.
You constrict the water moccasin.
You feel very sick.
The water moccasin completely misses you.
The water moccasin closely misses you. The water moccasin bites you!
* * * LOW HITPOINT WARNING * * *
You are lethally poisoned!
The water moccasin poisons you!
It was a potion of mutation.
You feel extremely strange.
Your vision sharpens.
You feel a hidden malignance growing inside you.
You feel yourself wasting away.
You constrict the water moccasin.
* * * LOW HITPOINT WARNING * * *
Your body deteriorates!
You feel dopey.
You feel very sick. The water moccasin bites you!
You die...

##...#### .#
##......###.# #.#
##...#......# #.#
.#..##..##### #.#
#.#.##..### #.#
..#.......# ####.###.###
###.......###...........
#............#..##.....
#.........#####.@:......
..........# #.Sw.#..#.
.##........ .....## .
.##.......#####.#..
.####.##### #.#.#.
......# #..#..# .###..#
#.# #.. .# .. .. †#


You could see a water moccasin and a ribbon worm.

Vanquished Creatures
  An ogre (D:5)
  A phantom (D:4)
  A scorpion (D:3)
  A bombardier beetle (D:4)
  4 hounds
  An iguana (D:5)
  3 gnolls (D:2)
  5 adders
  2 ufetubi (D:4)
  2 ribbon worms (D:3)
  3 orcs (D:4)
  5 ball pythons
  5 bats
  7 endoplasms
  3 giant cockroaches
  7 goblins
  3 hobgoblins
  6 jackals
  6 kobolds
  4 quokkas
  2 frilled lizards (D:2)
  4 rats
76 creatures vanquished.

Notes
Turn   | Place    | Note
-------+----------+-------------------------------------------
     0 | D:1      | Ijustatesigmund the Octopode Conjurer began the quest for
                  | the Orb.
     0 | D:1      | Reached XP level 1. HP: 11/11 MP: 3/3
   231 | D:1      | Reached XP level 2. HP: 18/18 MP: 5/5
   389 | D:1      | Learned a level 2 spell: Searing Ray
   456 | D:1      | Reached skill level 1 in Fighting
   748 | D:2      | Found Daxofab's Antique Armour Boutique.
   791 | D:2      | Reached XP level 3. HP: 23/23 MP: 4/6
  1535 | D:2      | Reached XP level 4. HP: 18/29 MP: 4/8
  1826 | D:2      | Reached skill level 1 in Axes
  2186 | D:3      | Learned a level 4 spell: Iskenderun's Mystic Blast
  2494 | D:3      | Noticed a scorpion
  2499 | D:3      | Killed a scorpion
  2500 | D:3      | Reached XP level 5. HP: 35/35 MP: 3/9
  2696 | D:3      | Reached skill level 1 in Translocations
  2823 | D:3      | Found Doigh's Antique Weapon Boutique.
  3103 | D:4      | Reached XP level 6. HP: 36/41 MP: 1/10
  3345 | D:4      | Reached skill level 5 in Conjurations
  3466 | D:4      | Found a staircase to the Ecumenical Temple.
  4081 | D:5      | Entered Level 5 of the Dungeon
  4082 | D:5      | Found the +5 Lochaber axe {reach-cleave, Poleaxe ^Drain}
  4096 | D:5      | Reached XP level 7. HP: 31/46 MP: 5/12
  4151 | D:3      | Bought a glowing broad axe for 189 gold pieces
  4368 | D:5      | Gained mutation: You have supernaturally acute eyesight.
                  | (SInv) [potion of mutation]
  4368 | D:5      | Gained mutation: You have hidden genetic defects. [potion
                  | of mutation]
  4368 | D:5      | Gained mutation: Your body sometimes deteriorates upon
                  | taking damage. [potion of mutation]
  4368 | D:5      | Slain by a water moccasin

Illustrated notes

Levels and vault maps discovered:
D:1:      scummos_arrival_star, layout_rooms
D:2:      layout_basic, serial_shops, shop, minivault_26
D:3:      layout_loops_ring, serial_shops, nicolae_shop_tiny_real_fake_doors
D:4:      layout_cave_pods, minmay_temple_entry_statues_fountains, st_stairs_8
D:5:      minmay_chambers_of_threes, layout_loops_ring

Skill      XL: |  1  2  3  4  5  6 |
---------------+-------------------+-----
Fighting       | 1 2 3 |  3.3
Axes           | 1 2 |  2.8
Spellcasting   | 3 |  3.7
Translocations | 1 2 |  2.4
Conjurations   | 5 |  5.4
Dodging        | |  2.0
Stealth        | |  2.6

Action                     |  1- 3 |  4- 6 |  7- 9 || total
---------------------------+-------+-------+-------++-------
  Melee: Short sword       |     9 |       |       ||     9
         Tentacles         |     4 |     6 |     1 ||    11
         Constrict         |     3 |     5 |     1 ||     9
         Hand axe          |     4 |    34 |       ||    38
         Punch             |     1 |     1 |       ||     2
         Lochaber axe      |       |       |     6 ||     6
   Cast: Magic Dart        |    49 |    76 |     4 ||   129
         Searing Ray       |     1 |     4 |       ||     5
    Use: Potion            |       |       |     1 ||     1
   Stab: Sleeping          |     1 |     4 |       ||     5
 Armour: Skin              |    10 |    21 |     8 ||    39
  Dodge: Dodged            |    15 |    28 |     3 ||    46
